Bruins vs Aeros

Created - Friday, February 13, 2015 at 23:12

Goals
1 2 3 OT1 SO T
Bruins 1 0 0 0 1 1
Aeros 0 1 0 0 2 2
Shots
1 2 3 OT1 SO T
Bruins 16 15 11 1 7 43
Aeros 4 13 8 2 7 27

1st period

1. Bruins , Kael Mouillierat 15 (Kevin Czuczman, Tim Sestito) at 18:32 (PP)

Penalties :
Brandon Manning (Pro) for Roughing (Minor) at 1:23, Patrick Wey (HOU) for Holding (Minor) at 18:15

2nd period

2. Aeros , Mike Ullrich 2 (Joel Chouinard, Scott Campbell) at 14:38

Penalties :
Jon Landry (HOU) for Fighting (Major) at 0:03, Dmitry Korobov (Pro) for Fighting (Major) at 0:03, Jani Hakanpaa (HOU) for Fighting (Major) at 2:01, Brandon Manning (Pro) for Fighting (Major) at 2:01, Jani Hakanpaa (HOU) for instigated a fight (Minor) at 2:01, Jani Hakanpaa (HOU) for instigated a fight (10 Minutes Misconduct) at 2:01

3rd period

No Goal

Penalties :
Conor Allen (Pro) for Hooking (Minor) at 6:09, Ilari Melart (HOU) for Fighting (Major) at 11:49, Simon Moser (Pro) for Fighting (Major) at 11:49, Jani Hakanpaa (HOU) for Fighting (Major) at 13:59, Brandon Manning (Pro) for Fighting (Major) at 13:59, Brodie Dupont (HOU) for Fighting (Major) at 14:58, Dmitry Korobov (Pro) for Fighting (Major) at 14:58

Overtime #1

No Goal

Penalties :
No Penalty

Shootout

Penalty Shot by Anton Lander for Bruins - Stopped by David Leggio
Penalty Shot by Andrew Gordon for Aeros - Stopped by Andrey Makarov
Penalty Shot by Patrick Bordeleau for Bruins - Stopped by David Leggio
Penalty Shot by Jason Zucker for Aeros - Stopped by Andrey Makarov
Penalty Shot by Kael Mouillierat for Bruins - Stopped by David Leggio
Penalty Shot by Craig Cunningham for Aeros - Shot Misses the Net
Penalty Shot by Tim Sestito for Bruins - Shot Misses the Net
Penalty Shot by Colin Stuart for Aeros - Shot Misses the Net
Penalty Shot by Scott Timmins for Bruins - Goal!
Penalty Shot by Warren Peters for Aeros - Goal!
Penalty Shot by Kevin Czuczman for Bruins - Stopped by David Leggio
Penalty Shot by Cam Janssen for Aeros - Stopped by Andrey Makarov
Penalty Shot by Simon Moser for Bruins - Shot Misses the Net
Penalty Shot by Dana Tyrell for Aeros - Goal!

Penalties :
No Penalty

Goalie Stats

Andrey Makarov (Pro), 26 saves from 27 shots - (0.963), OTL, 4-6-7, 65:00 minutes
David Leggio (HOU), 42 saves from 43 shots - (0.977), W, 11-3-3, 65:00 minutes

Players Stats for Bruins

Player Name              G  A  P  +/- PIM S  H  SB GA TA FO     MP     PP MP  PK MP  
------------------------------------------------------------------------------------
Anton Lander             0  0  0   0  0   2  2  1  0  2  10/17  23:35   1:07   2:07 
Brandon Alderson         0  0  0   0  0   2  0  0  1  1  0/1    17:22   0:00   0:33 
Brandon Manning          0  0  0   0  12  0  1  0  0  1  0/0    14:14   0:00   0:00 
Buddy Robinson           0  0  0  -1  0   1  2  1  0  0  0/0    18:25   1:09   0:00 
Conor Allen              0  0  0  -1  2   0  1  0  0  0  0/0    22:04   1:59   0:38 
Dmitry Korobov           0  0  0   0  10  2  1  2  0  1  0/0    17:53   0:17   2:22 
Jake Newton              0  0  0   0  0   1  0  1  0  1  0/0    17:33   0:00   0:58 
John Mitchell A          0  0  0   0  0   4  0  0  0  0  0/0     8:48   0:00   0:00 
Kael Mouillierat         1  0  1  -1  0   4  0  0  5  0  6/11   19:49   1:09   1:18 
Kevin Czuczman           0  1  1   0  0   8  3  3  2  1  0/0    29:29   2:13   2:22 
Magnus Nygren            0  0  0   0  0   0  0  1  0  1  0/0     8:18   0:03   0:00 
Marc Hagel               0  0  0   0  0   0  0  0  3  1  1/3     8:48   0:00   0:00 
Patrick Bordeleau        0  0  0   0  0   3  1  1  4  1  1/1    19:50   1:07   2:42 
Patrick Cehlin           0  0  0   0  0   2  5  0  3  0  1/1    16:53   0:00   0:00 
Raman Hrabarenka         0  0  0  -1  0   4  1  1  1  0  0/0    20:26   0:00   1:36 
Scott Timmins            0  0  0   0  0   4  2  0  6  2  3/9    18:21   0:00   0:00 
Simon Moser              0  0  0   0  5   1  2  0  4  0  0/1    14:53   1:07   0:33 
Tim Sestito              0  1  1  -1  0   5  1  1  5  3  0/0    19:14   1:09   0:43 

Players Stats for Aeros

Player Name              G  A  P  +/- PIM S  H  SB GA TA FO     MP     PP MP  PK MP  
------------------------------------------------------------------------------------
Andrew Gordon            0  0  0   0  0   2  4  1  4  2  3/5    23:55   2:22   2:05 
Bretton Stamler          0  0  0   1  0   0  2  1  0  1  0/0    21:55   0:00   0:34 
Brodie Dupont            0  0  0   0  5   1  0  0  0  0  3/6    10:50   0:00   0:00 
Cam Janssen              0  0  0   0  0   1  3  0  2  1  0/0    16:42   1:36   0:00 
Colin Stuart             0  0  0   0  0   4  1  0  4  3  0/0    16:14   2:22   0:11 
Craig Cunningham         0  0  0   0  0   2  0  0  3  2  0/1    17:39   1:36   0:11 
Dana Tyrell              0  0  0   0  0   4  2  0  2  2  6/15   21:29   0:00   2:05 
Danny Hobbs              0  0  0   1  0   4  0  0  1  0  1/1    11:14   1:36   0:00 
Ilari Melart             0  0  0   0  5   0  0  0  0  1  0/0    14:17   0:00   0:00 
Jani Hakanpaa            0  0  0   0  22  0  1  0  0  2  0/0    16:42   2:26   0:17 
Jason Zucker             0  0  0   0  0   1  1  0  2  0  1/1    16:45   0:00   0:00 
Joel Chouinard           0  1  1   1  0   1  3  1  0  5  0/0    25:14   1:32   1:25 
Jon Landry               0  0  0   0  5   1  0  1  0  2  0/0    26:26   2:26   0:17 
Matthew Pistilli         0  0  0   0  0   3  1  0  3  0  1/1    13:48   0:00   0:00 
Mike Ullrich             1  0  1   1  0   1  1  0  0  0  4/4     9:38   0:00   0:00 
Patrick Wey              0  0  0   0  2   1  4  0  0  1  0/0    25:21   1:32   1:59 
Scott Campbell           0  1  1   1  0   1  1  0  2  0  0/0    12:23   0:00   0:00 
Warren Peters            0  0  0   0  0   0  2  0  0  0  3/10   17:06   2:22   0:00 

3 Stars

1 - David Leggio (HOU)
2 - Andrey Makarov (Pro)
3 - Mike Ullrich (HOU)

Power Play

Bruins - 1 on 2 Attempt(s) - 50.00%
Aeros - 0 on 2 Attempt(s) - 0.00%

Penalty Kill

Bruins - 2 on 2 Attempt(s) - 100.00% - Score 0 goal in Penalty Kill
Aeros - 1 on 2 Attempt(s) - 50.00% - Score 0 goal in Penalty Kill

Team Stat

Bruins - Hits : 22 - Faceoff Wins : 22 - Blocked Shots : 12 - Penalty Minutes : 29
Aeros - Hits : 26 - Faceoff Wins : 22 - Blocked Shots : 4 - Penalty Minutes : 39

Official

Referees : Unknown
Linesman : Unknown

Game Notes

Jon Landry and Dmitry Korobov fight to a draw at 0:03 of 2nd period
Jani Hakanpaa and Brandon Manning fight to a draw at 2:01 of 2nd period
Simon Moser beats up Ilari Melart at 11:49 of 3rd period
Brandon Manning beats up Jani Hakanpaa at 13:59 of 3rd period
Brodie Dupont beats up Dmitry Korobov at 14:58 of 3rd period

Finance

Level 1 -- Attendance: 1581 (79.05%) -- Ticket Income $55,335
Level 2 -- Attendance: 773 (77.30%) -- Ticket Income $11,595
Total Attendance: 2354 (78.47%)
Total Ticket Income: $66,930
Other Income: $32,796
Total Income: $99,726

Bruins

5 vs 5 Forward 
   Center                   Left Wing                Right Wing               Time % Phy DF OF 
 1 Anton Lander             Patrick Bordeleau        Simon Moser              35     1   2  2  
 2 Kael Mouillierat         Tim Sestito              Buddy Robinson           30     1   2  2  
 3 Scott Timmins            Patrick Cehlin           Brandon Alderson         22     1   2  2  
 4 Marc Hagel               John Mitchell A          Anton Lander             13     1   2  2  

5 vs 5 Defense 
   Defense                  Defense                                           Time % Phy DF OF 
 1 Kevin Czuczman           Dmitry Korobov                                    35     1   2  2  
 2 Raman Hrabarenka         Conor Allen                                       30     1   2  2  
 3 Brandon Manning          Jake Newton                                       22     1   2  2  
 4 Magnus Nygren            Kevin Czuczman                                    13     1   2  2  

PowerPlay Forward 
   Center                   Left Wing                Right Wing               Time % Phy DF OF 
 1 Anton Lander             Patrick Bordeleau        Simon Moser              60     1   2  2  
 2 Kael Mouillierat         Tim Sestito              Buddy Robinson           40     1   2  2  

PowerPlay Defense
   Defense                  Defense                                           Time % Phy DF OF 
 1 Kevin Czuczman           Dmitry Korobov                                    60     1   2  2  
 2 Raman Hrabarenka         Conor Allen                                       40     1   2  2  

Penalty Kill 4 Players Forward 
   Center                   Wing                     Time % Phy DF OF 
 1 Anton Lander             Patrick Bordeleau        60     1   2  2  
 2 Kael Mouillierat         Tim Sestito              40     1   2  2  

Penalty Kill 4 Players Defense
   Defense                  Defense                  Time % Phy DF OF 
 1 Kevin Czuczman           Dmitry Korobov           60     1   2  2  
 2 Raman Hrabarenka         Conor Allen              40     1   2  2  

Penalty Kill - 3 Players Forward 
   Forward                                           Time % Phy DF OF 
 1 Anton Lander                                      60     1   2  2  
 2 Patrick Bordeleau                                 40     1   2  2  

Penalty Kill - 3 Players Defense
   Defense                  Defense                  Time % Phy DF OF 
 1 Kevin Czuczman           Dmitry Korobov           60     1   2  2  
 2 Raman Hrabarenka         Conor Allen              40     1   2  2  

4 vs 4 Forward 
   Center                   Wing                     Time % Phy DF OF 
 1 Anton Lander             Patrick Bordeleau        60     1   2  2  
 2 Kael Mouillierat         Tim Sestito              40     1   2  2  

4 vs 4 Defense
   Defense                  Defense                  Time % Phy DF OF 
 1 Kevin Czuczman           Dmitry Korobov           60     1   2  2  
 2 Raman Hrabarenka         Conor Allen              40     1   2  2  

Last Minutes Offensive
   Center                   Left Wing                Right Wing               Defense                  Defense                  
   Anton Lander             Patrick Bordeleau        Simon Moser              Kevin Czuczman           Dmitry Korobov           

Last Minutes Defensive
   Center                   Left Wing                Right Wing               Defense                  Defense                  
   Anton Lander             Patrick Bordeleau        Simon Moser              Kevin Czuczman           Dmitry Korobov           

Goaltenders
Starting : Andrey Makarov           
Backup : Philipp Grubauer         

Extra Forwards
Normal : Scott Timmins, Patrick Cehlin, Brandon Alderson - PP : Scott Timmins, Patrick Cehlin - PK : Brandon Alderson
Extra Defensemen
Normal : Brandon Manning, Jake Newton, Magnus Nygren - PP : Brandon Manning - PK : Jake Newton, Magnus Nygren
Penalty Shots
Anton Lander, Patrick Bordeleau, Kael Mouillierat, Tim Sestito, Scott Timmins

Aeros

5 vs 5 Forward 
   Center                   Left Wing                Right Wing               Time % Phy DF OF 
 1 Dana Tyrell              Jason Zucker             Andrew Gordon            35     1   2  2  
 2 Warren Peters            Craig Cunningham         Cam Janssen              30     1   2  2  
 3 Brodie Dupont            Colin Stuart             Matthew Pistilli         22     1   2  2  
 4 Mike Ullrich             Scott Campbell           Danny Hobbs              13     1   2  2  

5 vs 5 Defense 
   Defense                  Defense                                           Time % Phy DF OF 
 1 Jon Landry               Patrick Wey                                       35     1   2  2  
 2 Bretton Stamler          Joel Chouinard                                    30     1   2  2  
 3 Ilari Melart             Jani Hakanpaa                                     22     1   2  2  
 4 Jon Landry               Jani Hakanpaa                                     13     1   2  2  

PowerPlay Forward 
   Center                   Left Wing                Right Wing               Time % Phy DF OF 
 1 Warren Peters            Colin Stuart             Andrew Gordon            60     1   2  2  
 2 Danny Hobbs              Craig Cunningham         Cam Janssen              40     1   2  2  

PowerPlay Defense
   Defense                  Defense                                           Time % Phy DF OF 
 1 Jani Hakanpaa            Jon Landry                                        60     1   2  2  
 2 Joel Chouinard           Patrick Wey                                       40     1   2  2  

Penalty Kill 4 Players Forward 
   Center                   Wing                     Time % Phy DF OF 
 1 Andrew Gordon            Dana Tyrell              60     1   2  2  
 2 Craig Cunningham         Colin Stuart             40     1   2  2  

Penalty Kill 4 Players Defense
   Defense                  Defense                  Time % Phy DF OF 
 1 Jani Hakanpaa            Jon Landry               60     1   2  2  
 2 Joel Chouinard           Patrick Wey              40     1   2  2  

Penalty Kill - 3 Players Forward 
   Forward                                           Time % Phy DF OF 
 1 Andrew Gordon                                     60     1   2  2  
 2 Dana Tyrell                                       40     1   2  2  

Penalty Kill - 3 Players Defense
   Defense                  Defense                  Time % Phy DF OF 
 1 Jani Hakanpaa            Jon Landry               60     1   2  2  
 2 Joel Chouinard           Patrick Wey              40     1   2  2  

4 vs 4 Forward 
   Center                   Wing                     Time % Phy DF OF 
 1 Andrew Gordon            Dana Tyrell              60     1   2  2  
 2 Craig Cunningham         Colin Stuart             40     1   2  2  

4 vs 4 Defense
   Defense                  Defense                  Time % Phy DF OF 
 1 Jani Hakanpaa            Jon Landry               60     1   2  2  
 2 Joel Chouinard           Patrick Wey              40     1   2  2  

Last Minutes Offensive
   Center                   Left Wing                Right Wing               Defense                  Defense                  
   Warren Peters            Dana Tyrell              Andrew Gordon            Patrick Wey              Jon Landry               

Last Minutes Defensive
   Center                   Left Wing                Right Wing               Defense                  Defense                  
   Warren Peters            Dana Tyrell              Andrew Gordon            Jani Hakanpaa            Jon Landry               

Goaltenders
Starting : David Leggio             
Backup : Harri Sateri             

Extra Forwards
Normal : Matthew Pistilli, Scott Campbell, Dana Tyrell - PP : Matthew Pistilli, Scott Campbell - PK : Cam Janssen
Extra Defensemen
Normal : Bretton Stamler, Jon Landry, Jani Hakanpaa - PP : Bretton Stamler - PK : Bretton Stamler, Jani Hakanpaa
Penalty Shots
Andrew Gordon, Jason Zucker, Craig Cunningham, Colin Stuart, Warren Peters

% Time on Ice - Bruins

Lines # - Real PCT - Wanted PCT - Time Play
Normal Forward
1 - 25% - 35% - 13:38
2 - 32% - 30% - 17:16
3 - 26% - 22% - 14:04
4 - 16% - 13% - 8:48
Normal Defense
1 - 32% - 35% - 17:05
2 - 31% - 30% - 16:45
3 - 27% - 22% - 14:34
4 - 10% - 13% - 5:22
PP Forward
1 - 49% - 60% - 1:07
2 - 51% - 40% - 1:09
PP Defense
1 - 100% - 60% - 2:16
2 - 0% - 40% - 0:00
PK Forward
1 - 82% - 60% - 3:15
2 - 18% - 40% - 0:43
PK Defense
1 - 60% - 60% - 2:22
2 - 40% - 40% - 1:36
PK3 Forward
1 - 0% - 60%
2 - 0% - 40%
PK3 Defense
1 - 0% - 60%
2 - 0% - 40%
44 Forward
1 - 98% - 60% - 4:54
2 - 2% - 40% - 0:06
44 Defense
1 - 58% - 60% - 2:55
2 - 42% - 40% - 2:05
Last Minute Offensive  - 0:00
Last Minute Defensive  - 0:00
Total
Forward - 65:00
Defense - 65:00

% Time on Ice - Aeros

Lines # - Real PCT - Wanted PCT - Time Play
Normal Forward
1 - 32% - 35% - 17:01
2 - 28% - 30% - 15:06
3 - 22% - 22% - 12:01
4 - 18% - 13% - 9:38
Normal Defense
1 - 28% - 35% - 15:11
2 - 30% - 30% - 16:00
3 - 27% - 22% - 14:27
4 - 15% - 13% - 8:08
PP Forward
1 - 60% - 60% - 2:22
2 - 40% - 40% - 1:36
PP Defense
1 - 61% - 60% - 2:26
2 - 39% - 40% - 1:32
PK Forward
1 - 92% - 60% - 2:05
2 - 8% - 40% - 0:11
PK Defense
1 - 100% - 60% - 2:16
2 - 0% - 40% - 0:00
PK3 Forward
1 - 0% - 60%
2 - 0% - 40%
PK3 Defense
1 - 0% - 60%
2 - 0% - 40%
44 Forward
1 - 85% - 60% - 4:14
2 - 15% - 40% - 0:46
44 Defense
1 - 47% - 60% - 2:21
2 - 53% - 40% - 2:39
Last Minute Offensive  - 0:00
Last Minute Defensive  - 0:00
Total
Forward - 65:00
Defense - 65:00

Play by Play

1st period


0:01 of 1st period - Dana Tyrell wins face-off versus Anton Lander in neutral zone.
0:06 of 1st period - Simon Moser is hit by Patrick Wey and loses puck.
0:17 of 1st period - Snap shot by Dana Tyrell.
0:17 of 1st period - Shot Misses the Net.
0:19 of 1st period - Slapshot by Jon Landry.
0:19 of 1st period - Shot Blocked by Kevin Czuczman.
1:12 of 1st period - Kael Mouillierat is hit by Patrick Wey and loses puck.
1:23 of 1st period - Minor Penalty to Brandon Manning for Roughing.
1:24 of 1st period - Anton Lander wins face-off versus Warren Peters in Bruins zone.
2:19 of 1st period - Slapshot by Cam Janssen.
2:19 of 1st period - Shot Misses the Net.
2:49 of 1st period - Wrist shot by Tim Sestito.
2:49 of 1st period - Stopped by David Leggio with a rebound.
2:51 of 1st period - Snap shot by Raman Hrabarenka.
2:51 of 1st period - Stopped by David Leggio without a rebound.
2:52 of 1st period - Kael Mouillierat wins face-off versus Warren Peters in Aeros zone.
3:04 of 1st period - Snap shot by Tim Sestito.
3:04 of 1st period - Stopped by David Leggio with a rebound.
3:06 of 1st period - Snap shot by Kael Mouillierat.
3:06 of 1st period - Shot Blocked by Andrew Gordon.
3:23 of 1st period - Penalty to Brandon Manning is over, Brandon Manning is back on ice.
3:32 of 1st period - Slapshot by Patrick Cehlin.
3:32 of 1st period - Deflect By Brandon Alderson.
3:32 of 1st period - Stopped by David Leggio with a rebound.
3:34 of 1st period - Slapshot by Raman Hrabarenka.
3:34 of 1st period - Stopped by David Leggio with a rebound.
3:36 of 1st period - Snap shot by Scott Timmins.
3:36 of 1st period - Stopped by David Leggio with a rebound.
3:38 of 1st period - Wrist shot by Scott Timmins.
3:38 of 1st period - Stopped by David Leggio without a rebound.
3:39 of 1st period - Mike Ullrich wins face-off versus Scott Timmins in Aeros zone.
4:12 of 1st period - Wrist shot by Danny Hobbs.
4:12 of 1st period - Stopped by Andrey Makarov with a rebound.
4:14 of 1st period - Slapshot by Scott Campbell.
4:14 of 1st period - Shot Misses the Net.
4:40 of 1st period - Buddy Robinson is hit by Matthew Pistilli.
5:22 of 1st period - Wrist shot by John Mitchell A.
5:22 of 1st period - Deflect By Anton Lander.
5:22 of 1st period - Stopped by David Leggio without a rebound.
5:23 of 1st period - Warren Peters wins face-off versus Marc Hagel in Aeros zone.
6:09 of 1st period - Snap shot by Danny Hobbs.
6:09 of 1st period - Stopped by Andrey Makarov with a rebound.
6:11 of 1st period - Wrist shot by Danny Hobbs.
6:11 of 1st period - Deflect By Mike Ullrich.
6:11 of 1st period - Shot Misses the Net.
6:11 of 1st period - Puck is out of play.
6:12 of 1st period - Brodie Dupont wins face-off versus Scott Timmins in Bruins zone.
7:13 of 1st period - Joel Chouinard is hit by Simon Moser and loses puck.
8:23 of 1st period - Wrist shot by Kevin Czuczman.
8:23 of 1st period - Shot Blocked by Jon Landry.
9:05 of 1st period - Wrist shot by Jason Zucker.
9:05 of 1st period - Shot Misses the Net.
9:07 of 1st period - Wrist shot by Andrew Gordon.
9:07 of 1st period - Stopped by Andrey Makarov without a rebound.
9:08 of 1st period - Anton Lander wins face-off versus Brodie Dupont in Bruins zone.
9:42 of 1st period - Wrist shot by Patrick Cehlin.
9:42 of 1st period - Stopped by David Leggio with a rebound.
10:08 of 1st period - John Mitchell A is hit by Jason Zucker and loses puck.
10:51 of 1st period - Wrist shot by Mike Ullrich.
10:51 of 1st period - Shot Blocked by Raman Hrabarenka.
11:20 of 1st period - Icing by Scott Timmins.
11:21 of 1st period - Jason Zucker wins face-off versus Scott Timmins in Bruins zone.
11:30 of 1st period - Snap shot by Andrew Gordon.
11:30 of 1st period - Shot Misses the Net.
11:55 of 1st period - Snap shot by Colin Stuart.
11:55 of 1st period - Stopped by Andrey Makarov with a rebound.
12:05 of 1st period - Wrist shot by Colin Stuart.
12:05 of 1st period - Shot Blocked by Buddy Robinson.
12:44 of 1st period - Wrist shot by Scott Timmins.
12:44 of 1st period - Stopped by David Leggio with a rebound.
12:46 of 1st period - Snap shot by Brandon Alderson.
12:46 of 1st period - Stopped by David Leggio without a rebound.
12:47 of 1st period - Warren Peters wins face-off versus Scott Timmins in Aeros zone.
13:21 of 1st period - Slapshot by Kevin Czuczman.
13:21 of 1st period - Stopped by David Leggio with a rebound.
13:51 of 1st period - Jason Zucker is hit by Patrick Bordeleau and loses puck.
13:58 of 1st period - Dmitry Korobov is hit by Patrick Wey and loses puck.
14:42 of 1st period - Wrist shot by Kael Mouillierat.
14:42 of 1st period - Stopped by David Leggio without a rebound.
14:43 of 1st period - Matthew Pistilli wins face-off versus Kael Mouillierat in Aeros zone.
16:13 of 1st period - Craig Cunningham is hit by Patrick Cehlin and loses puck.
16:20 of 1st period - Snap shot by Patrick Bordeleau.
16:20 of 1st period - Stopped by David Leggio without a rebound.
16:21 of 1st period - Patrick Bordeleau wins face-off versus Craig Cunningham in Aeros zone.
16:26 of 1st period - Snap shot by Kevin Czuczman.
16:26 of 1st period - Stopped by David Leggio without a rebound.
16:27 of 1st period - Patrick Cehlin wins face-off versus Warren Peters in Aeros zone.
17:12 of 1st period - Snap shot by Kevin Czuczman.
17:12 of 1st period - Shot Blocked by Bretton Stamler.
18:15 of 1st period - Minor Penalty to Patrick Wey for Holding.
18:16 of 1st period - Andrew Gordon wins face-off versus Kael Mouillierat in Aeros zone.
18:30 of 1st period - Slapshot by Kevin Czuczman.
18:30 of 1st period - Shot Misses the Net.
18:32 of 1st period - Snap shot by Kael Mouillierat.
18:32 of 1st period - Goal by Kael Mouillierat - Bruins : 1 - Aeros : 0.
18:33 of 1st period - Anton Lander wins face-off versus Dana Tyrell in neutral zone.
19:27 of 1st period - Tim Sestito is hit by Warren Peters and loses puck.
Goals for this period are 1 for Bruins vs 0 for Aeros.
Shots for this period are 16 for Bruins vs 4 for Aeros.

2nd period


0:01 of 2nd period - Dana Tyrell wins face-off versus Anton Lander in neutral zone.
0:03 of 2nd period - Jon Landry and Dmitry Korobov fight to a draw.
0:03 of 2nd period - Penalty to Jon Landry for Fighting.
0:03 of 2nd period - Penalty to Dmitry Korobov for Fighting.
0:04 of 2nd period - Anton Lander wins face-off versus Dana Tyrell in Bruins zone.
0:17 of 2nd period - Slapshot by Kevin Czuczman.
0:17 of 2nd period - Stopped by David Leggio without a rebound.
0:18 of 2nd period - Dana Tyrell wins face-off versus Anton Lander in Aeros zone.
0:41 of 2nd period - Andrew Gordon is hit by Kevin Czuczman.
1:09 of 2nd period - Snap shot by Kael Mouillierat.
1:09 of 2nd period - Stopped by David Leggio without a rebound.
1:10 of 2nd period - Kael Mouillierat wins face-off versus Warren Peters in Aeros zone.
1:11 of 2nd period - Slapshot by Tim Sestito.
1:11 of 2nd period - Stopped by David Leggio with a rebound.
1:13 of 2nd period - Slapshot by Raman Hrabarenka.
1:13 of 2nd period - Stopped by David Leggio with a rebound.
1:15 of 2nd period - Slapshot by Raman Hrabarenka.
1:15 of 2nd period - Shot Misses the Net.
1:17 of 2nd period - Slapshot by Conor Allen.
1:17 of 2nd period - Shot Misses the Net.
1:39 of 2nd period - Raman Hrabarenka is hit by Bretton Stamler and loses puck.
2:01 of 2nd period - Jani Hakanpaa and Brandon Manning fight to a draw.
2:01 of 2nd period - Penalty to Jani Hakanpaa for Fighting.
2:01 of 2nd period - Penalty to Brandon Manning for Fighting.
2:01 of 2nd period - Penalty to Jani Hakanpaa for instigated a fight.
2:01 of 2nd period - Penalty to Jani Hakanpaa for instigated a fight.
2:02 of 2nd period - Andrew Gordon wins face-off versus Anton Lander in neutral zone.
2:05 of 2nd period - Snap shot by Dana Tyrell.
2:05 of 2nd period - Stopped by Andrey Makarov with a rebound.
2:29 of 2nd period - Wrist shot by Patrick Bordeleau.
2:29 of 2nd period - Deflect By Dana Tyrell.
2:29 of 2nd period - Stopped by David Leggio with a rebound.
2:35 of 2nd period - Snap shot by Kevin Czuczman.
2:35 of 2nd period - Deflect By Andrew Gordon.
2:35 of 2nd period - Stopped by David Leggio without a rebound.
2:36 of 2nd period - Kael Mouillierat wins face-off versus Andrew Gordon in Aeros zone.
3:08 of 2nd period - Joel Chouinard is hit by Conor Allen and loses puck.
3:25 of 2nd period - Anton Lander is hit by Dana Tyrell and loses puck.
3:38 of 2nd period - Kevin Czuczman is hit by Andrew Gordon and loses puck.
3:56 of 2nd period - Kevin Czuczman is hit by Joel Chouinard and loses puck.
4:01 of 2nd period - Penalty to Jani Hakanpaa is over, Cam Janssen is send on ice.
4:47 of 2nd period - Scott Campbell is hit by Patrick Cehlin and loses puck.
5:02 of 2nd period - Scott Campbell is hit by Anton Lander and loses puck.
5:31 of 2nd period - Snap shot by Colin Stuart.
5:31 of 2nd period - Stopped by Andrey Makarov with a rebound.
5:33 of 2nd period - Slapshot by Colin Stuart.
5:33 of 2nd period - Shot Blocked by Magnus Nygren.
5:35 of 2nd period - Wrist shot by Colin Stuart.
5:35 of 2nd period - Shot Misses the Net.
5:37 of 2nd period - Slapshot by Jon Landry.
5:37 of 2nd period - Stopped by Andrey Makarov with a rebound.
5:39 of 2nd period - Wrist shot by Brodie Dupont.
5:39 of 2nd period - Shot Misses the Net.
5:41 of 2nd period - Snap shot by Brodie Dupont.
5:41 of 2nd period - Stopped by Andrey Makarov with a rebound.
5:43 of 2nd period - Snap shot by Jon Landry.
5:43 of 2nd period - Shot Misses the Net.
6:09 of 2nd period - Slapshot by Craig Cunningham.
6:09 of 2nd period - Shot Blocked by Kevin Czuczman.
6:19 of 2nd period - Slapshot by Patrick Cehlin.
6:19 of 2nd period - Stopped by David Leggio with a rebound.
6:21 of 2nd period - Slapshot by Brandon Alderson.
6:21 of 2nd period - Shot Misses the Net.
6:35 of 2nd period - Wrist shot by Tim Sestito.
6:35 of 2nd period - Stopped by David Leggio with a rebound.
7:07 of 2nd period - Wrist shot by Simon Moser.
7:07 of 2nd period - Deflect By Danny Hobbs.
7:07 of 2nd period - Shot Misses the Net.
7:07 of 2nd period - Puck is out of play.
7:08 of 2nd period - Brodie Dupont wins face-off versus Simon Moser in Aeros zone.
7:13 of 2nd period - Slapshot by Colin Stuart.
7:13 of 2nd period - Stopped by Andrey Makarov without a rebound.
7:14 of 2nd period - Scott Timmins wins face-off versus Brodie Dupont in Bruins zone.
7:19 of 2nd period - Bretton Stamler is hit by Simon Moser and loses puck.
7:26 of 2nd period - Slapshot by Kevin Czuczman.
7:26 of 2nd period - Shot Misses the Net.
7:28 of 2nd period - Slapshot by Dmitry Korobov.
7:28 of 2nd period - Stopped by David Leggio without a rebound.
7:29 of 2nd period - Kael Mouillierat wins face-off versus Dana Tyrell in Aeros zone.
7:38 of 2nd period - Slapshot by Jason Zucker.
7:38 of 2nd period - Shot Blocked by Dmitry Korobov.
7:40 of 2nd period - Snap shot by Dana Tyrell.
7:40 of 2nd period - Shot Misses the Net.
7:42 of 2nd period - Wrist shot by Jason Zucker.
7:42 of 2nd period - Shot Misses the Net.
7:44 of 2nd period - Snap shot by Dana Tyrell.
7:44 of 2nd period - Deflect By Jason Zucker.
7:44 of 2nd period - Shot Misses the Net.
7:44 of 2nd period - Puck is out of play.
7:45 of 2nd period - Kael Mouillierat wins face-off versus Dana Tyrell in Bruins zone.
7:59 of 2nd period - Kael Mouillierat is hit by Dana Tyrell.
8:27 of 2nd period - Jake Newton is hit by Mike Ullrich and loses puck.
9:02 of 2nd period - Colin Stuart is hit by Scott Timmins.
9:31 of 2nd period - Scott Timmins is hit by Bretton Stamler and loses puck.
9:59 of 2nd period - Warren Peters is hit by Anton Lander.
10:05 of 2nd period - Snap shot by Cam Janssen.
10:05 of 2nd period - Shot Blocked by Kevin Czuczman.
10:27 of 2nd period - Slapshot by Tim Sestito.
10:27 of 2nd period - Stopped by David Leggio with a rebound.
10:29 of 2nd period - Snap shot by Buddy Robinson.
10:29 of 2nd period - Stopped by David Leggio with a rebound.
11:12 of 2nd period - Snap shot by Dana Tyrell.
11:12 of 2nd period - Stopped by Andrey Makarov without a rebound.
11:13 of 2nd period - Mike Ullrich wins face-off versus Scott Timmins in Bruins zone.
11:14 of 2nd period - Snap shot by Danny Hobbs.
11:14 of 2nd period - Stopped by Andrey Makarov without a rebound.
11:15 of 2nd period - Mike Ullrich wins face-off versus Brandon Alderson in Bruins zone.
11:37 of 2nd period - Wrist shot by Brandon Alderson.
11:37 of 2nd period - Deflect By Scott Timmins.
11:37 of 2nd period - Stopped by David Leggio with a rebound.
11:39 of 2nd period - Wrist shot by Scott Timmins.
11:39 of 2nd period - Shot Misses the Net.
11:41 of 2nd period - Snap shot by Scott Timmins.
11:41 of 2nd period - Shot Misses the Net.
13:01 of 2nd period - Brodie Dupont is hit by Patrick Cehlin and loses puck.
14:36 of 2nd period - Snap shot by Scott Campbell.
14:36 of 2nd period - Shot Misses the Net.
14:38 of 2nd period - Slapshot by Joel Chouinard.
14:38 of 2nd period - Deflect By Mike Ullrich.
14:38 of 2nd period - Goal by Mike Ullrich - Bruins : 1 - Aeros : 1.
14:39 of 2nd period - Anton Lander wins face-off versus Dana Tyrell in neutral zone.
14:46 of 2nd period - Snap shot by Simon Moser.
14:46 of 2nd period - Shot Misses the Net.
14:54 of 2nd period - Snap shot by Dana Tyrell.
14:54 of 2nd period - Shot Hit the Post.
15:42 of 2nd period - Slapshot by Matthew Pistilli.
15:42 of 2nd period - Shot Misses the Net.
15:44 of 2nd period - Wrist shot by Colin Stuart.
15:44 of 2nd period - Shot Blocked by Tim Sestito.
15:46 of 2nd period - Wrist shot by Colin Stuart.
15:46 of 2nd period - Stopped by Andrey Makarov without a rebound.
15:47 of 2nd period - Warren Peters wins face-off versus Kael Mouillierat in Bruins zone.
15:48 of 2nd period - Snap shot by Craig Cunningham.
15:48 of 2nd period - Stopped by Andrey Makarov with a rebound.
16:32 of 2nd period - Warren Peters is hit by Patrick Cehlin and loses puck.
16:49 of 2nd period - Snap shot by John Mitchell A.
16:49 of 2nd period - Stopped by David Leggio with a rebound.
16:51 of 2nd period - Backhand shot by Jake Newton.
16:51 of 2nd period - Stopped by David Leggio with a rebound.
17:01 of 2nd period - 10 Minutes Misconduct Penalty to Jani Hakanpaa is over.
17:01 of 2nd period - Slapshot by Kevin Czuczman.
17:01 of 2nd period - Stopped by David Leggio without a rebound.
17:02 of 2nd period - Dana Tyrell wins face-off versus Anton Lander in Aeros zone.
18:04 of 2nd period - Snap shot by Matthew Pistilli.
18:04 of 2nd period - Stopped by Andrey Makarov with a rebound.
18:06 of 2nd period - Slapshot by Joel Chouinard.
18:06 of 2nd period - Stopped by Andrey Makarov with a rebound.
18:32 of 2nd period - Snap shot by Danny Hobbs.
18:32 of 2nd period - Stopped by Andrey Makarov with a rebound.
18:58 of 2nd period - Anton Lander is hit by Patrick Wey and loses puck.
19:23 of 2nd period - Dana Tyrell is hit by Scott Timmins and loses puck.
19:34 of 2nd period - John Mitchell A is hit by Jani Hakanpaa and loses puck.
Goals for this period are 0 for Bruins vs 1 for Aeros.
Shots for this period are 15 for Bruins vs 13 for Aeros.

3rd period


0:01 of 3rd period - Anton Lander wins face-off versus Dana Tyrell in neutral zone.
0:51 of 3rd period - Tim Sestito is hit by Warren Peters and loses puck.
2:28 of 3rd period - Slapshot by John Mitchell A.
2:28 of 3rd period - Stopped by David Leggio without a rebound.
2:29 of 3rd period - Marc Hagel wins face-off versus Dana Tyrell in Aeros zone.
2:32 of 3rd period - Slapshot by John Mitchell A.
2:32 of 3rd period - Stopped by David Leggio without a rebound.
2:33 of 3rd period - Anton Lander wins face-off versus Dana Tyrell in Aeros zone.
2:59 of 3rd period - Slapshot by Raman Hrabarenka.
2:59 of 3rd period - Deflect By Simon Moser.
2:59 of 3rd period - Stopped by David Leggio with a rebound.
3:01 of 3rd period - Slapshot by Anton Lander.
3:01 of 3rd period - Stopped by David Leggio with a rebound.
3:29 of 3rd period - Jani Hakanpaa is hit by Buddy Robinson and loses puck.
4:31 of 3rd period - Danny Hobbs is hit by Patrick Cehlin and loses puck.
6:09 of 3rd period - Minor Penalty to Conor Allen for Hooking.
6:10 of 3rd period - Danny Hobbs wins face-off versus Anton Lander in Bruins zone.
6:49 of 3rd period - Dmitry Korobov is hit by Colin Stuart and loses puck.
8:09 of 3rd period - Penalty to Conor Allen is over, Conor Allen is back on ice.
8:17 of 3rd period - Jason Zucker is hit by Tim Sestito and loses puck.
9:59 of 3rd period - Patrick Wey is hit by Kevin Czuczman and loses puck.
10:32 of 3rd period - Anton Lander is hit by Cam Janssen.
10:40 of 3rd period - Snap shot by John Mitchell A.
10:40 of 3rd period - Stopped by David Leggio without a rebound.
10:41 of 3rd period - Brodie Dupont wins face-off versus Marc Hagel in Aeros zone.
10:54 of 3rd period - Colin Stuart is hit by Brandon Manning and loses puck.
11:09 of 3rd period - Colin Stuart is hit by Buddy Robinson and loses puck.
11:49 of 3rd period - Simon Moser beats up Ilari Melart.
11:49 of 3rd period - Penalty to Ilari Melart for Fighting.
11:49 of 3rd period - Penalty to Simon Moser for Fighting.
11:50 of 3rd period - Dana Tyrell wins face-off versus Kael Mouillierat in neutral zone.
12:11 of 3rd period - Snap shot by Dana Tyrell.
12:11 of 3rd period - Stopped by Andrey Makarov with a rebound.
12:13 of 3rd period - Slapshot by Jason Zucker.
12:13 of 3rd period - Shot Misses the Net.
12:15 of 3rd period - Slapshot by Patrick Wey.
12:15 of 3rd period - Stopped by Andrey Makarov with a rebound.
12:56 of 3rd period - Brandon Alderson is hit by Cam Janssen and loses puck.
13:36 of 3rd period - Slapshot by Scott Campbell.
13:36 of 3rd period - Stopped by Andrey Makarov without a rebound.
13:37 of 3rd period - Mike Ullrich wins face-off versus Anton Lander in Bruins zone.
13:59 of 3rd period - Brandon Manning beats up Jani Hakanpaa.
13:59 of 3rd period - Penalty to Jani Hakanpaa for Fighting.
13:59 of 3rd period - Penalty to Brandon Manning for Fighting.
14:00 of 3rd period - Dana Tyrell wins face-off versus Kael Mouillierat in Bruins zone.
14:07 of 3rd period - Snap shot by Jason Zucker.
14:07 of 3rd period - Deflect By Tim Sestito.
14:07 of 3rd period - Stopped by Andrey Makarov with a rebound.
14:27 of 3rd period - Slapshot by Kevin Czuczman.
14:27 of 3rd period - Stopped by David Leggio with a rebound.
14:29 of 3rd period - Backhand shot by Dmitry Korobov.
14:29 of 3rd period - Stopped by David Leggio without a rebound.
14:30 of 3rd period - Scott Timmins wins face-off versus Warren Peters in Aeros zone.
14:49 of 3rd period - Snap shot by Cam Janssen.
14:49 of 3rd period - Shot Hit the Post.
14:57 of 3rd period - Snap shot by Craig Cunningham.
14:57 of 3rd period - Stopped by Andrey Makarov without a rebound.
14:58 of 3rd period - Anton Lander wins face-off versus Brodie Dupont in Bruins zone.
14:58 of 3rd period - Brodie Dupont beats up Dmitry Korobov.
14:58 of 3rd period - Penalty to Brodie Dupont for Fighting.
14:58 of 3rd period - Penalty to Dmitry Korobov for Fighting.
14:59 of 3rd period - Anton Lander wins face-off versus Dana Tyrell in Bruins zone.
15:24 of 3rd period - Snap shot by Jason Zucker.
15:24 of 3rd period - Shot Misses the Net.
15:26 of 3rd period - Snap shot by Andrew Gordon.
15:26 of 3rd period - Shot Blocked by Anton Lander.
15:28 of 3rd period - Snap shot by Dana Tyrell.
15:28 of 3rd period - Shot Blocked by Jake Newton.
15:30 of 3rd period - Wrist shot by Andrew Gordon.
15:30 of 3rd period - Stopped by Andrey Makarov with a rebound.
15:32 of 3rd period - Snap shot by Dana Tyrell.
15:32 of 3rd period - Deflect By Jason Zucker.
15:32 of 3rd period - Shot Blocked by Patrick Bordeleau.
15:32 of 3rd period - Puck is out of play.
15:33 of 3rd period - Kael Mouillierat wins face-off versus Warren Peters in Bruins zone.
15:33 of 3rd period - Kael Mouillierat is hit by Cam Janssen.
15:57 of 3rd period - Snap shot by Craig Cunningham.
15:57 of 3rd period - Shot Misses the Net.
15:59 of 3rd period - Snap shot by Craig Cunningham.
15:59 of 3rd period - Shot Misses the Net.
16:32 of 3rd period - Jake Newton is hit by Scott Campbell and loses puck.
16:50 of 3rd period - Snap shot by Matthew Pistilli.
16:50 of 3rd period - Stopped by Andrey Makarov with a rebound.
16:52 of 3rd period - Wrist shot by Scott Campbell.
16:52 of 3rd period - Shot Misses the Net.
16:54 of 3rd period - Snap shot by Scott Campbell.
16:54 of 3rd period - Shot Misses the Net.
17:29 of 3rd period - Slapshot by Kevin Czuczman.
17:29 of 3rd period - Stopped by David Leggio with a rebound.
17:31 of 3rd period - Slapshot by Magnus Nygren.
17:31 of 3rd period - Shot Misses the Net.
17:53 of 3rd period - Anton Lander is hit by Andrew Gordon and loses puck.
18:06 of 3rd period - Wrist shot by Marc Hagel.
18:06 of 3rd period - Shot Misses the Net.
18:08 of 3rd period - Wrist shot by Raman Hrabarenka.
18:08 of 3rd period - Deflect By Dana Tyrell.
18:08 of 3rd period - Stopped by David Leggio with a rebound.
18:38 of 3rd period - Wrist shot by Kael Mouillierat.
18:38 of 3rd period - Stopped by David Leggio with a rebound.
18:50 of 3rd period - Backhand shot by Patrick Cehlin.
18:50 of 3rd period - Deflect By Scott Timmins.
18:50 of 3rd period - Shot Misses the Net.
18:50 of 3rd period - Puck is out of play.
18:51 of 3rd period - Scott Timmins wins face-off versus Warren Peters in Aeros zone.
18:52 of 3rd period - Slapshot by Kevin Czuczman.
18:52 of 3rd period - Deflect By Craig Cunningham.
18:52 of 3rd period - Stopped by David Leggio with a rebound.
19:22 of 3rd period - Snap shot by Cam Janssen.
19:22 of 3rd period - Stopped by Andrey Makarov with a rebound.
Goals for this period are 0 for Bruins vs 0 for Aeros.
Shots for this period are 11 for Bruins vs 8 for Aeros.

Overtime #1


0:01 of 1st overtime period - Anton Lander wins face-off versus Andrew Gordon in neutral zone.
0:06 of 1st overtime period - Snap shot by Patrick Bordeleau.
0:06 of 1st overtime period - Shot Misses the Net.
0:26 of 1st overtime period - Snap shot by Andrew Gordon.
0:26 of 1st overtime period - Deflect By Dana Tyrell.
0:26 of 1st overtime period - Deflect By Kevin Czuczman.
0:26 of 1st overtime period - Stopped by Andrey Makarov with a rebound.
0:52 of 1st overtime period - Dana Tyrell is hit by Dmitry Korobov and loses puck.
1:27 of 1st overtime period - Snap shot by Patrick Bordeleau.
1:27 of 1st overtime period - Shot Blocked by Joel Chouinard.
1:33 of 1st overtime period - Anton Lander is hit by Andrew Gordon.
1:56 of 1st overtime period - Scott Timmins is hit by Joel Chouinard and loses puck.
2:07 of 1st overtime period - Slapshot by Matthew Pistilli.
2:07 of 1st overtime period - Shot Misses the Net.
2:09 of 1st overtime period - Slapshot by Jon Landry.
2:09 of 1st overtime period - Shot Misses the Net.
2:11 of 1st overtime period - Slapshot by Jani Hakanpaa.
2:11 of 1st overtime period - Shot Misses the Net.
2:13 of 1st overtime period - Slapshot by Matthew Pistilli.
2:13 of 1st overtime period - Stopped by Andrey Makarov without a rebound.
2:14 of 1st overtime period - Andrew Gordon wins face-off versus Scott Timmins in Bruins zone.
2:17 of 1st overtime period - Snap shot by Andrew Gordon.
2:17 of 1st overtime period - Shot Blocked by Dmitry Korobov.
2:53 of 1st overtime period - Craig Cunningham is hit by Kevin Czuczman and loses puck.
3:00 of 1st overtime period - Snap shot by Patrick Bordeleau.
3:00 of 1st overtime period - Stopped by David Leggio with a rebound.
3:15 of 1st overtime period - Dmitry Korobov is hit by Joel Chouinard and loses puck.
3:39 of 1st overtime period - Scott Campbell is hit by Raman Hrabarenka and loses puck.
4:08 of 1st overtime period - Scott Timmins is hit by Andrew Gordon and loses puck.
4:21 of 1st overtime period - Slapshot by Scott Campbell.
4:21 of 1st overtime period - Shot Misses the Net.
Goals for this period are 0 for Bruins vs 0 for Aeros.
Shots for this period are 1 for Bruins vs 2 for Aeros.

ShootOut


5:00 of 1st overtime period - Penalty Shot by Anton Lander for Bruins.
5:00 of 1st overtime period - Wrist shot by Anton Lander.
5:00 of 1st overtime period - Stopped by David Leggio.
5:00 of 1st overtime period - Penalty Shot by Andrew Gordon for Aeros.
5:00 of 1st overtime period - Deke by Andrew Gordon.
5:00 of 1st overtime period - Stopped by Andrey Makarov.
5:00 of 1st overtime period - Penalty Shot by Patrick Bordeleau for Bruins.
5:00 of 1st overtime period - Wrist shot by Patrick Bordeleau.
5:00 of 1st overtime period - Stopped by David Leggio.
5:00 of 1st overtime period - Penalty Shot by Jason Zucker for Aeros.
5:00 of 1st overtime period - Snap shot by Jason Zucker.
5:00 of 1st overtime period - Stopped by Andrey Makarov.
5:00 of 1st overtime period - Penalty Shot by Kael Mouillierat for Bruins.
5:00 of 1st overtime period - Deke by Kael Mouillierat.
5:00 of 1st overtime period - Stopped by David Leggio.
5:00 of 1st overtime period - Penalty Shot by Craig Cunningham for Aeros.
5:00 of 1st overtime period - Snap shot by Craig Cunningham.
5:00 of 1st overtime period - Shot Misses the Net.
5:00 of 1st overtime period - Penalty Shot by Tim Sestito for Bruins.
5:00 of 1st overtime period - Wrist shot by Tim Sestito.
5:00 of 1st overtime period - Shot Misses the Net.
5:00 of 1st overtime period - Penalty Shot by Colin Stuart for Aeros.
5:00 of 1st overtime period - Wrist shot by Colin Stuart.
5:00 of 1st overtime period - Shot Misses the Net.
5:00 of 1st overtime period - Penalty Shot by Scott Timmins for Bruins.
5:00 of 1st overtime period - Snap shot by Scott Timmins.
5:00 of 1st overtime period - Goal by Scott Timmins.
5:00 of 1st overtime period - Penalty Shot by Warren Peters for Aeros.
5:00 of 1st overtime period - Snap shot by Warren Peters.
5:00 of 1st overtime period - Goal by Warren Peters.
5:00 of 1st overtime period - Penalty Shot by Kevin Czuczman for Bruins.
5:00 of 1st overtime period - Wrist shot by Kevin Czuczman.
5:00 of 1st overtime period - Stopped by David Leggio.
5:00 of 1st overtime period - Penalty Shot by Cam Janssen for Aeros.
5:00 of 1st overtime period - Deke by Cam Janssen.
5:00 of 1st overtime period - Stopped by Andrey Makarov.
5:00 of 1st overtime period - Penalty Shot by Simon Moser for Bruins.
5:00 of 1st overtime period - Snap shot by Simon Moser.
5:00 of 1st overtime period - Shot Misses the Net.
5:00 of 1st overtime period - Penalty Shot by Dana Tyrell for Aeros.
5:00 of 1st overtime period - Deke by Dana Tyrell.
5:00 of 1st overtime period - Goal by Dana Tyrell.


Output by the SimonT Hockey Simulator (STHS) for Eric Dolegowski -- Original Page W3C XHTML 1.0 Valid
Hockey Simulator - Hockey Simulation - Hockey Manager